 Seeded DCSS version 0.29-a0-1023-g6ae1a4a2c7 (webtiles) character file.

Game seed: 6155037152212704371 (custom seed)

2713 mathmaestro the Merchant of Misery (level 9, 0/62 (68) HPs)
             Began as a Demonspawn Necromancer on Aug 11, 2022.
             Was a Believer of Kikubaaqudgha.
             Slain by a wight
             ... wielding a +4 scimitar
              (5 damage)
             ... on level 7 of the Dungeon on Aug 12, 2022.
             The game lasted 00:13:22 (7924 turns).

mathmaestro the Merchant of Misery (DsNe)           Turns: 7924, Time: 00:13:22

HP:   0/62 (68)     AC:  7    Str:  9    XL:     9   Next: 39%
MP:   0/17          EV: 12    Int: 20    God:    Kikubaaqudgha [**....]
Gold: 227           SH:  0    Dex: 12    Spells: 9/19 levels left

rFire   + . .      SeeInvis .   B - +12 quarterstaff of Askesosit {venom, rPois rF+ Dex-2}
rCold   . . .      Faith    .   (shield currently unavailable)
rNeg    . . .      Spirit   +   u - +0 leather armour
rPois   +          Reflect  .   (no helmet)
rElec   .          Harm     .   i - +0 cloak
rCorr   .          Rampage  .   f - +0 pair of gloves
Will    .....                   w - +0 pair of boots
Stlth   ++........              (no amulet)
HPRegen 0.20/turn               (no ring)
MPRegen 0.30/turn               (no ring)

@: drained
A: magic shield, magic regeneration, sturdy frame 1, weakness stinger 1
a: Renounce Religion, Unearth Wretches


You were on level 7 of the Dungeon.
You worshipped Kikubaaqudgha.
Kikubaaqudgha was pleased with you.
You visited 2 branches of the dungeon, and saw 8 of its levels.

You collected 263 gold pieces.
You spent 36 gold pieces at shops.

Inventory:

Hand Weapons
 j - a +0 hand axe
 s - a +0 dagger of distortion
 B - the +12 quarterstaff of Askesosit (weapon) {venom, rPois rF+ Dex-2}
   (You found it on level 5 of the Dungeon)

   It poisons the flesh of those it strikes.
   Dex:       It affects your dexterity (-2).
   rF:        It protects you from fire.
   rPois:     It protects you from poison.
 C - the +8 dagger of Yqimeser {freeze, Stlth+}
   (You took it off a hobgoblin on level 6 of the Dungeon)

   It freezes those it strikes, dealing additional cold damage.
   It can also slow down cold-blooded creatures.
   Stlth:     It makes you more stealthy.
Missiles
 y - 2 silver boomerangs
Armour
 c - a +0 buckler
 f - a +0 pair of gloves (worn)
 i - a +0 cloak (worn)
 u - a +0 leather armour (worn)
 w - a +0 pair of boots (worn)
Wands
 A - a wand of mindburst (15)
Scrolls
 a - a scroll of enchant weapon {unknown}
 d - a scroll of teleportation {unknown}
 e - a scroll of vulnerability {unknown}
 k - 2 scrolls of silence {unknown}
 l - a scroll of poison {unknown}
 n - 2 scrolls of amnesia {unknown}
 o - 2 scrolls of magic mapping {unknown}
 p - a scroll of fear {unknown}
 q - a scroll of identify {unknown}
 x - a scroll of butterflies {unknown}
Potions
 b - 2 potions of magic
 g - 2 potions of degeneration {unknown}
 h - a potion of attraction {unknown}
 m - 3 potions of haste {unknown}
 r - a potion of brilliance {unknown}
 t - 2 potions of curing
 v - a potion of berserk rage {unknown}
 z - a potion of mutation {unknown}


   Skills:
 + Level 5.6 Fighting
 - Level 5.0 Armour
 - Level 2.0 Dodging
 - Level 2.0 Stealth
 - Level 3.0 Shields
 + Level 5.5 Spellcasting
 + Level 7.7 Necromancy
 + Level 4.2 Evocations


You had 9 spell levels left.
You knew the following spells:

 Your Spells              Type           Power      Damage    Failure   Level
a - Necrotise             Necr           100%       1d9       1%          1
b - Vampiric Draining     Necr           36%        2d8       1%          3
c - Animate Dead          Necr           36%        N/A       4%          4
d - Sublimation of Blood  Necr           36%        N/A       1%          2

Your spell library contained the following spells:

 Spells                   Type           Power      Damage    Failure   Level
 Magic Dart               Conj           20%        1d4       12%         1
 Summon Small Mammal      Summ           20%        N/A       12%         1
 Agony                    Necr           36%        N/A       14%         5
 Call Imp                 Summ           5%         N/A       19%         2
 Call Canine Familiar     Summ           5%         N/A       34%         3
 Ignite Poison            Fire/Tmut/Pois 5%         N/A       34%         3
 Mephitic Cloud           Conj/Pois/Air  5%         N/A       34%         3
 Summon Guardian Golem    Hex/Summ       5%         N/A       34%         3
 Freezing Cloud           Conj/Ice/Air   2%         6-21      97%         5


Dungeon Overview and Level Annotations

Branches:
Dungeon (7/15)             Temple (1/1) D:5

Altars:
Ashenzari
Dithmenos
Fedhas
Gozag
Hepliaklqana
Kikubaaqudgha
Makhleb
Nemelex Xobeh
Okawaru
Qazlal
Sif Muna
Trog
Uskayaw
Wu Jian
Xom
Yredelemnul

Shops:
D:3 !   D:4 :


Innate Abilities, Weirdness & Mutations

When hurt, damage is shared between your health and your magic reserves.
You regenerate magic rapidly.
Your movements are slightly less encumbered by armour. (ER -2)
You have a small tail.


Message History

You destroy the wight!
Kikubaaqudgha accepts your kill.
You hit the wight.
You tail-slap the wight, but do no damage.
The wight is moderately damaged.
The wight hits you with a +4 flail!
You feel drained.
You hit the wight.
The wight is heavily damaged.
The wight hits you but does no damage. The wight hits you with a +4 flail!
You closely miss the wight.
The wight is heavily damaged.
The wight hits you with a +4 flail!
You thump the wight!
You destroy the wight!
Kikubaaqudgha accepts your kill.
A wight comes into view. It is wielding a +4 scimitar.
Items here: )) [[.
You start resting.
A wight is nearby!
There is an open door here.
You sock the wight!
The wight is severely damaged.
The wight hits you with a +4 scimitar.
You feel drained. The wight misses you.
You barely miss the wight.
The wight is severely damaged.
The wight hits you with a +4 scimitar!
You hit the wight.
The wight is almost destroyed.
The wight hits you but does no damage.
You barely miss the wight.
Your tail-slap misses the wight.
The wight is almost destroyed.
The wight hits you with a +4 scimitar!
* * * LOW HITPOINT WARNING * * *
You feel drained.
* * * LOW HITPOINT WARNING * * *
The wight hits you with a +4 scimitar!
* * * LOW HITPOINT WARNING * * *
You feel drained.
You die...
Kikubaaqudgha rasps: "You have failed me!
Welcome... death!"

... ... .. ...
z....
.#.######### ...
...>..# #.#
#.....# #)#
+.....#
#.###...# #
#..z@...+ ).
#####...#.#.#
+.......#
########.......#
#.......###....#
##.#.#.#####.#
....#
#..#.#.#####.#
....# .
#...8#.#...#.#
....# .##
#8...#.#.#.#.#
....#


You could see a wight.

Vanquished Creatures
  Sigmund (D:3)
  Edmund (D:6)
  A water moccasin (D:6)
  An ice beast (D:5)
  3 ogres
  A black bear (D:5)
  A phantom (Temple)
  A kobold brigand (D:6)
  A bullfrog (D:4)
  A necrophage (D:6)
  7 scorpions
  12 wights
  A howler monkey (D:4)
  A centaur zombie (D:7)
  3 orc priests (D:6)
  A jelly (D:5)
  2 iguanas
  8 orc wizards
  8 adders
  A dart slug (D:4)
  24 orcs
  5 ball pythons
  A bat (D:2)
  3 endoplasms
  A giant cockroach (D:1)
  7 hobgoblins
  5 quokkas
  5 goblins
  12 kobolds
  3 rats
122 creatures vanquished.

Vanquished Creatures (others)
  32 plants (D:4)
32 creatures vanquished.

Grand Total: 154 creatures vanquished

Notes
Turn   | Place    | Note
-------+----------+-------------------------------------------
     0 | D:1      | mathmaestro the Demonspawn Necromancer began the quest for
                  | the Orb.
     0 | D:1      | Reached XP level 1. HP: 13/13 MP: 3/3
   438 | D:1      | Gained mutation: You regenerate magic rapidly. [demonic
                  | ancestry]
   438 | D:1      | Reached XP level 2. HP: 20/20 MP: 0/5
  1340 | D:3      | Found Zojekus's Distillery.
  1357 | D:3      | Bought a potion of curing for 36 gold pieces
  1403 | D:3      | Found a faded altar of an unknown god.
  1468 | D:3      | Reached skill level 1 in Fighting
  1735 | D:3      | Noticed Sigmund
  1737 | D:3      | Reached XP level 3. HP: 26/26 MP: 6/6
  1743 | D:3      | Learned a level 3 spell: Vampiric Draining
  2251 | D:3      | Killed Sigmund
  2252 | D:3      | Reached skill level 5 in Necromancy
  2252 | D:3      | Gained mutation: Your movements are slightly less
                  | encumbered by armour. (ER -2) [demonic ancestry]
  2252 | D:3      | Reached XP level 4. HP: 19/34 MP: 3/8
  2252 | D:3      | Reached XP level 5. HP: 22/39 MP: 3/9
  2389 | D:3      | Learned a level 4 spell: Animate Dead
  2517 | D:3      | Identified the +0 pair of boots of the Flute {Harm *Corrode
                  | rElec Regen+}
  2608 | D:4      | Found Ytylop's Book Emporium.
  2934 | D:4      | Gained mutation: When hurt, damage is shared between your
                  | health and your magic reserves. [demonic ancestry]
  2934 | D:4      | Reached XP level 6. HP: 42/46 MP: 10/10
  3767 | D:4      | Reached XP level 7. HP: 36/52 MP: 9/12
  3908 | D:4      | Reached skill level 6 in Necromancy
  4119 | D:5      | Entered Level 5 of the Dungeon
  4119 | D:5      | Found a staircase to the Ecumenical Temple.
  4222 | D:5      | Identified the +12 quarterstaff of Askesosit {venom, rPois
                  | rF+ Dex-2}
  4697 | D:5      | Reached skill level 1 in Armour
  4699 | D:5      | Reached skill level 1 in Evocations
  4722 | Temple   | Entered the Ecumenical Temple
  4939 | Temple   | Became a worshipper of Kikubaaqudgha
  5374 | D:6      | Gained mutation: You have a small tail. [demonic ancestry]
  5374 | D:6      | Reached XP level 8. HP: 53/60 MP: 12/14
  5594 | D:6      | Noticed Edmund
  5600 | D:6      | Killed Edmund
  5851 | D:6      | Reached * piety under Kikubaaqudgha
  5851 | D:6      | Received a gift from Kikubaaqudgha
  5861 | D:6      | Learned a level 2 spell: Sublimation of Blood
  6214 | D:6      | Reached skill level 7 in Necromancy
  6595 | D:6      | Reached skill level 5 in Spellcasting
  6759 | D:6      | Reached skill level 5 in Fighting
  6763 | D:6      | Reached XP level 9. HP: 62/68 MP: 14/16
  7325 | D:6      | Identified the +8 dagger of Yqimeser {freeze, Stlth+}
  7709 | D:7      | Reached skill level 5 in Armour
  7721 | D:7      | Reached ** piety under Kikubaaqudgha
  7924 | D:7      | Slain by a wight

Illustrated notes

Levels and vault maps discovered:
D:1:      amcnicky_arrival_underground_garden, layout_loops_ring
D:2:      layout_loops_cross
D:3:      minmay_spotlight, layout_basic,
          shapermc_ecumenical_altar_starsandcircs, serial_shops, shop,
          uniq_sigmund
D:4:      layout_basic, serial_shops, shop, serial_bayou_lagoon_a,
          grunt_ministairs_1, minmay_misc_feat_tiny
D:5:      layout_loops_ring, temple_pool_b
D:6:      cheibrodos_thug_alley, layout_layer_cave, serial_rivers,
          chequers_serial_rivers_marsh, chequers_serial_rivers_micro_e,
          chequers_serial_rivers_room_b, chequers_serial_rivers_small_b,
          chequers_serial_rivers_micro_a, amcnicky_mini_rare_corridor_liquid,
          minmay_misc_feat_diagonals, st_stairs_4, uniq_edmund
D:7:      layout_basic, nicolae_ru_the_path_less_chosen, vehumet_altar_wand_db,
          serial_undead, serial_undead_b, serial_undead_b, serial_undead_c,
          serial_undead_b, serial_undead_e, serial_undead_d, serial_undead_a
Temple:   minmay_crystal_spiral_temple

Skill      XL: |  1  2  3  4  5  6  7  8  9 |
---------------+----------------------------+-----
Stealth        | 2 |  2.0
Dodging        | 2 |  2.0
Fighting       | 1 2 3 4 5 |  5.6
Shields        | 2 3 |  3.0
Spellcasting   | 3 4 5 |  5.5
Necromancy     | 5 6 7 |  7.7
Armour         | 2 4 5 |  5.0
Evocations     | 1 3 4 |  4.2

Action                   |  1- 3 |  4- 6 |  7- 9 || total
-------------------------+-------+-------+-------++-------
Melee: Dagger            |    33 |    74 |    19 ||   126
       Quarterstaff      |       |       |   174 ||   174
       Tailslap          |       |       |    16 ||    16
 Cast: Necrotise         |    27 |    26 |     7 ||    60
       Vampiric Draining |     2 |     3 |     5 ||    10
 Stab: Sleeping          |     5 |     1 |     1 ||     7
Armor: Leather armour    |     2 |    31 |    48 ||    81
       Robe              |     2 |       |       ||     2
Dodge: Dodged            |    17 |    34 |   130 ||   181
Block: Buckler           |     3 |    17 |     2 ||    22

Table legend: (Time is in decaauts)
 A = Elapsed time spent in this place.
 B = Non-inter-level travel time spent in this place.
 C = Inter-level travel time spent in this place.
 D = Time resting spent in this place.
 E = Time spent auto-exploring this place.
 F = Levels seen in this place.
 G = Mean time per level.
                   A        B        C        D        E       F      G
               +--------+--------+--------+--------+--------+-----+--------+
         Total |   8006 |   7710 |    296 |   1745 |   4444 |   8 | 1000.8 |
       Dungeon |   7739 |   7528 |    211 |   1745 |   4284 |   7 | 1105.6 |
        Temple |    266 |    181 |     85 |      0 |    160 |   1 |  266.0 |
               +--------+--------+--------+--------+--------+-----+--------+

Top non-repeatable levels by time:
     D:6: 2177 daAuts
     D:4: 1317 daAuts
     D:5: 1156 daAuts
     D:3: 1136 daAuts
     D:2: 1009 daAuts
     D:1: 714 daAuts
  Temple: 266 daAuts
     D:7: 229 daAuts
